 Dungeon Crawl Stone Soup version 0.26-a0-651-gb41185065b (webtiles) character file.

Game seed: 15581345972044650370

122146 kae the Alchemist (level 16, -3/180 HPs)
             Began as a Grey Draconian Transmuter on Oct 28, 2020.
             Was the Champion of Wu Jian.
             Slain by a wolf spider (8 damage)
             ... on level 1 of the Spider Nest.
             The game lasted 00:35:32 (34895 turns).

kae the Alchemist (Grey Draconian Transmuter)      Turns: 34895, Time: 00:35:33

Health: -3/180     AC:  8    Str: 21    XL:     16   Next: 34%
Magic:  23/26      EV: 17    Int: 15    God:    Wu Jian [******]
Gold:   2488       SH:  0    Dex: 11    Spells: 1/29 levels left

rFire    . . .     SeeInvis +     - Unarmed
rCold    . . .     Faith    .   (shield currently unavailable)
rNeg     . . .     Spirit   .   (armour unavailable)
rPois    +         Reflect  .   (helmet currently unavailable)
rElec    .         Harm     .   (cloak currently unavailable)
rCorr    .         Rampage  .   (gloves currently unavailable)
MR       +....                  (boots currently unavailable)
Stlth    +.........             D - amulet of regeneration
HPRegen  0.80/turn              g - ring of see invisible
MPRegen  0.20/turn              L - +4 ring of evasion

@: confused, lethally poisoned (-3 -> -16), hydra-form
A: very large, (walk through water), unfitting armour, strong 1, AC +14
a: End Transformation, Wall Jump, Serpent's Lash, Heavenly Storm, Renounce
Religion


You were on level 1 of the Spider Nest.
You worshipped Wu Jian.
Wu Jian was exalted by your worship.
You were a five-headed hydra.
You visited 4 branches of the dungeon, and saw 24 of its levels.
You visited 1 bazaar.
You also visited: Ossuary and Volcano.

You collected 2726 gold pieces.
You spent 238 gold pieces at shops.

Inventory:

Armour
 d - a +2 cloak (melded)
 u - a +2 pair of boots of flying (melded)
Jewellery
 g - a ring of see invisible (left foreclaw)
 p - an uncursed ring of see invisible
 r - an uncursed ring of protection from cold
 C - an uncursed ring of magical power
 D - an amulet of regeneration (around neck)
 I - an uncursed ring of positive energy
 L - a +4 ring of evasion (right foreclaw)
 O - an uncursed amulet of magic regeneration
Wands
 i - a wand of polymorph (45)
 t - a wand of iceblast (12)
 x - a wand of random effects (43)
 y - a wand of flame (18)
 B - a wand of digging (9)
 G - a wand of acid (8)
 K - a wand of paralysis (11)
 T - a wand of disintegration (12)
Scrolls
 a - 3 scrolls of fog
 e - 5 scrolls of enchant weapon
 k - 5 scrolls of amnesia
 q - 6 scrolls of magic mapping
 s - 6 scrolls of teleportation
 w - a scroll of fear
 E - 2 scrolls of holy word
 F - 7 scrolls of remove curse
 J - 5 scrolls of noise
 N - 2 scrolls of brand weapon
 S - 7 scrolls of identify
Potions
 b - 4 potions of mutation
 c - 8 potions of curing
 f - 4 potions of lignification
 h - 4 potions of haste
 j - 2 potions of ambrosia
 l - 5 potions of stabbing
 m - a potion of invisibility
 n - 2 potions of cancellation
 o - 5 potions of magic
 v - 2 potions of brilliance
 z - a potion of might
 M - a potion of heal wounds
 P - 2 potions of berserk rage
 R - a potion of resistance
Miscellaneous
 A - a phial of floods


   Skills:
 + Level 12.1 Fighting
 + Level 11.8 Dodging
 - Level 15.0 Unarmed Combat
 - Level 7.0 Spellcasting
 + Level 15.0 Transmutations
 - Level 6.0 Ice Magic
 - Level 5.0 Earth Magic
 - Level 5.0 Poison Magic
 - Level 5.0 Evocations


You had one spell level left.
You knew the following spells:

 Your Spells              Type           Power        Failure   Level
a - Beastly Appendage     Tmut           ######       1%          1
b - Spider Form           Tmut/Pois      #####.....   1%          3
c - Blade Hands           Tmut           ######....   1%          5
d - Ice Form              Ice/Tmut       #####...     1%          4
e - Petrify               Tmut/Erth      #####...     2%          4
f - Hydra Form            Tmut           ######....   4%          6
g - Yara's Violent Unrav  Hex/Tmut       ####......   17%         5

Your spell library contained the following spells:

 Spells                   Type           Power        Failure   Level
 Freeze                   Ice            ###.         1%          1
 Corona                   Hex            #......      13%         1
 Summon Small Mammal      Summ           #...         13%         1
 Wereblood                Tmut           ######..     1%          2
 Frozen Ramparts          Ice            ###...       3%          3
 Ozocubu's Armour         Ice            ###.....     3%          3
 Ensorcelled Hibernation  Hex/Ice        ##....       6%          2
 Stone Arrow              Conj/Erth      ##....       14%         3
 Call Imp                 Summ           #.......     21%         2
 Corpse Rot               Necr/Air       N/A          21%         2
 Eringya's Noxious Bog    Tmut/Pois      #####.....   32%         6
 Call Canine Familiar     Summ           #.......     36%         3
 Confusing Touch          Hex            #.......     36%         3
 Dazzling Flash           Conj/Hex       #.....       36%         3
 Gell's Gravitas          Tloc           #.........   36%         3
 Summon Guardian Golem    Hex/Summ       #.......     36%         3
 Tukima's Dance           Hex            #.......     36%         3
 Hailstorm                Conj/Ice       ##......     36%         4
 Summon Ice Beast         Ice/Summ       ##......     36%         4
 Metabolic Englaciation   Hex/Ice        ##........   71%         5
 Animate Dead             Necr           #.........   78%         4
 Summon Lightning Spire   Summ/Air       #.......     78%         4
 Borgnjor's Vile Clutch   Necr/Erth      ##........   78%         5
 Silence                  Hex/Air        #.........   98%         5
 Summon Forest            Summ/Tloc      #.........   98%         5
 Simulacrum               Ice/Necr       ##........   99%         6
 Death Channel            Necr           #.........   100%        6
 Shadow Creatures         Summ           N/A          100%        6
 Summon Hydra             Summ           #.........   100%        7


Dungeon Overview and Level Annotations

Branches:
Dungeon (15/15)            Temple (0/1) D:7            Lair (6/6) D:8
 Shoals (0/4) Lair:3       Spider (1/4) Lair:4        Slime (0/5) Lair:5
    Orc (2/2) D:12            Elf (0/3) Orc:2        Vaults (0/5) D:13
 Depths (0/5) D:15        Ossuary (visited)         Volcano (visited)

Altars:
Ashenzari
Cheibriados
Dithmenos
Fedhas
Gozag
Hepliaklqana
Kikubaaqudgha
Makhleb
Okawaru
Qazlal
Ru
Trog
Vehumet
Wu Jian
The Shining One
Beogh

Shops:
D:5 *   D:7 [   D:8 *=*   D:10 ?   Orc:1 *   Orc:2 ((!*

Annotations:
D:15 Roxanne
Lair:1 exclusion: 2 oklob plants


Innate Abilities, Weirdness & Mutations

((You can walk through water.))
((Your dull iron-grey scales are very hard. (AC +14)))
You cannot fit into any form of body armour.
((You can survive without breathing.))
((You are cold-blooded and may be slowed by cold attacks.))
Your muscles are strong. (Str +2)


Message History

You barely miss the wolf spider.
The wolf spider is lightly wounded.
The jumping spider hisses angrily.
You gouge the wolf spider!!
You barely miss the tarantella. The wolf spider closely misses you.
The wolf spider bites you. The tarantella barely misses you.
The wolf spider closely misses you. The wolf spider misses you.
The wolf spider hits you!
* * * LOW HITPOINT WARNING * * *
The wolf spider bites you!
* * * LOW HITPOINT WARNING * * *
The wolf spider hits you!
* * * LOW HITPOINT WARNING * * *
The wolf spider bites you.
* * * LOW HITPOINT WARNING * * *
You are poisoned.
The wolf spider poisons you! The wolf spider hits you!
* * * LOW HITPOINT WARNING * * *
The wolf spider bites you!
You die...

#.....#.^ #......
###....^. ##.......##
.....#s#...#
....#....s.ss## ###
..............# #.##
......#....ss.# ##..##
#......#...sD## #....###
^....#.......# #^.....#
#...#..##†...# ##....>#
#..#...#.^[..####.#..#.##
.....(..#...###.^...#[..#
........##.............##
.......#......#....^.###
............#.......##
...>.....#.....#...##


You could see 2 wolf spiders, 3 orb spiders, a jumping spider and a tarantella.

Vanquished Creatures
  Jorgrun (D:15)
  Snorg (Orc:1)
  3 ogre magi
  An ettin (D:15)
  Josephine (D:13)
  8 hydras
  3 vault guards (D:13)
  The ghost of Xuudynos the Grappler, a novice TrDe of Gozag (D:11)
  2 catoblepae
  5 centaur warriors
  6 two-headed ogres
  Erica (D:9)
  A deep troll shaman (Lair:6)
  7 orc high priests
  A tengu warrior (D:11)
  11 death yaks
  Urug (D:12)
  A deep elf knight (D:13)
  A fire crab (shapeshifter) (D:14)
  6 skeletal warriors
  A wizard (D:13)
  A deep troll (D:15)
  6 unseen horrors
  An orange crystal statue (D:14)
  A wolf spider zombie (D:14)
  7 orc knights
  3 anaconda skeletons (Volcano)
  2 wolf spiders (Spider:1)
  4 ugly things
  3 deep elf magi
  4 manticores
  7 cyclopes
  4 elephants (Lair:6)
  Maurice (D:13)
  A toenail golem (Volcano)
  6 black mambas
  3 gargoyles (Volcano)
  10 cane toads
  Maggie (D:8)
  4 centaur skeletons
  4 kobold demonologists
  2 rime drakes
  A demonic crawler (Lair:4)
  8 komodo dragons
  2 yaktaurs
  A tengu conjurer (D:15)
  4 jumping spiders (Spider:1)
  2 hornets
  3 trolls
  2 harpy skeletons (Volcano)
  23 slime creatures
  10 dream sheep
  16 blink frogs
  A snapping turtle (Lair:3)
  A meliai zombie (D:13)
  2 flying skulls (Volcano)
  11 hippogriffs
  2 alligator skeletons (Volcano)
  A vampire (D:10)
  10 wraiths
  58 yaks
  A shadow (D:12)
  A centaur simulacrum (D:11)
  8 tarantellas (Spider:1)
  7 wyverns
  2 humans (D:13)
  6 redbacks (Spider:1)
  Eustachio (D:5)
  A hog (shapeshifter) (D:14)
  2 steam dragons
  2 basilisks
  Grum (D:9)
  4 wargs
  9 vampire mosquitoes
  Menkaure (D:7)
  A soldier ant (D:13)
  2 acid dragons
  9 water moccasins
  A spectral hornet (D:11)
  42 orc warriors
  3 ice beasts
  2 sky beasts
  2 phantoms
  10 porcupines
  11 ogres
  4 black bears
  3 eyes of draining
  17 wolves
  2 necrophages
  19 centaurs
  4 big kobolds
  18 crocodiles
  21 bullfrogs
  2 wyvern zombies
  A water moccasin skeleton (D:5)
  10 scorpions
  An electric eel (Lair:3)
  7 wights
  2 troll skeletons (Volcano)
  3 howler monkeys
  6 centaur zombies
  5 hounds
  A quasit (D:13)
  A bullfrog zombie (D:8)
  3 bullfrog skeletons
  A wyvern simulacrum (D:11)
  Crazy Yiuf (D:5)
  32 orc priests
  2 jellies
  Jessica (D:2)
  4 iguanas
  17 orc wizards
  16 worker ants
  A killer bee zombie (D:8)
  3 big kobold zombies (Ossuary)
  2 hound zombies
  2 naga skeletons (Volcano)
  6 mummies (Ossuary)
  Robin (D:4)
  A worker ant zombie (D:6)
  13 adders
  2 shadow imps
  2 white imps
  2 ufetubi (D:9)
  3 oozes
  An adder zombie (D:9)
  2 adder skeletons
  5 worms
  2 dart slugs
  6 leopard geckos
  83 orcs
  4 ball pythons
  5 bats
  7 giant cockroaches
  14 goblins
  15 hobgoblins
  15 jackals
  5 quokkas
  2 frilled lizards (D:1)
  2 hobgoblin zombies (Ossuary)
  29 kobolds
  A quokka zombie (D:8)
  11 rats
876 creatures vanquished.

Vanquished Creatures (others)
  An unseen horror (D:11)
  A flying skull (Volcano)
  An orc (D:11)
  34 fungi
  50 plants
87 creatures vanquished.

Grand Total: 963 creatures vanquished

Notes
Turn   | Place    | Note
-------+----------+-------------------------------------------
     0 | D:1      | kae the Draconian Transmuter began the quest for the Orb.
     0 | D:1      | Reached XP level 1. HP: 16/16 MP: 3/3
   377 | D:1      | Reached XP level 2. HP: 23/23 MP: 3/5
   922 | D:1      | Reached XP level 3. HP: 28/28 MP: 6/6
  1993 | D:2      | Learned a level 3 spell: Spider Form
  2047 | D:2      | Noticed Jessica
  2055 | D:2      | Killed Jessica
  2055 | D:2      | Reached XP level 4. HP: 34/35 MP: 5/7
  2238 | D:2      | Found an opulent altar of Gozag.
  2730 | D:3      | Found a sacrificial altar of Ru.
  2782 | D:3      | Reached XP level 5. HP: 40/40 MP: 8/8
  3466 | D:4      | Noticed Robin
  3658 | D:4      | Killed Robin
  3814 | D:4      | Reached skill level 5 in Unarmed Combat
  3831 | D:3      | Reached XP level 6. HP: 15/47 MP: 7/9
  4356 | D:4      | Reached skill level 5 in Transmutations
  4855 | D:4      | Your scales start taking on a dull iron-grey colour.
  4855 | D:4      | Reached XP level 7. HP: 35/52 MP: 4/10
  4855 | D:4      | Gained mutation: You can survive without breathing. [Grey
                  | Draconian growth]
  5000 | D:4      | Found a snail-covered altar of Cheibriados.
  5357 | D:5      | Entered Level 5 of the Dungeon
  5852 | D:5      | Noticed Eustachio
  5884 | D:5      | Killed Eustachio
  6051 | D:5      | Found a stormy altar of Qazlal.
  6129 | D:5      | Found an ornate altar of the Wu Jian Council.
  6131 | D:5      | Found a radiant altar of Vehumet.
  6131 | D:5      | Found a burning altar of Makhleb.
  6186 | D:5      | Found a bloodstained altar of Trog.
  6194 | D:5      | Became a worshipper of the Wu Jian Council
  6223 | D:5      | Found Nomaase's General Store.
  6329 | D:5      | Found a hazy altar of Hepliaklqana.
  6412 | D:5      | Found a glowing golden altar of the Shining One.
  6478 | D:5      | Found an opulent altar of Gozag.
  6480 | D:5      | Found an iron altar of Okawaru.
  6481 | D:5      | Found a broken altar of Ashenzari.
  6673 | D:5      | Found a runed translucent door.
  6674 | D:5      | Noticed Crazy Yiuf
  6870 | D:5      | Killed Crazy Yiuf
  6870 | D:5      | Reached XP level 8. HP: 30/59 MP: 7/11
  7582 | D:6      | Found a sand-covered staircase.
  7591 | Ossuary  | Entered an ossuary
  7624 | Ossuary  | Learned a level 5 spell: Blade Hands
  8119 | D:6      | Reached * piety under Wu Jian
  8158 | D:6      | Noticed a hippogriff
  8170 | D:6      | Killed a hippogriff
  8905 | D:7      | Found a staircase to the Ecumenical Temple.
  9179 | D:7      | Reached XP level 9. HP: 58/64 MP: 10/12
  9231 | D:7      | Found Wenucles's Armour Boutique.
  9238 | D:7      | Bought a +0 pair of boots of flying for 126 gold pieces
  9435 | D:7      | Noticed Menkaure
  9439 | D:7      | Killed Menkaure
  9543 | D:7      | Found a shadowy altar of Dithmenos.
  9860 | D:7      | Found a blossoming altar of Fedhas.
  9860 | D:7      | Found an ancient bone altar of Kikubaaqudgha.
 10298 | D:8      | Noticed Maggie
 10312 | D:8      | Killed Maggie
 10611 | D:8      | Found Uthraisu's General Store.
 10631 | D:8      | Reached skill level 10 in Unarmed Combat
 10822 | D:8      | Reached ** piety under Wu Jian
 10966 | D:8      | Found Naut's Assorted Antiques.
 10975 | D:8      | Reached skill level 10 in Transmutations
 11196 | D:8      | Bought a scroll of identify for 60 gold pieces
 11225 | D:8      | Found Inwimyun's Jewellery Emporium.
 11334 | D:8      | Noticed a two-headed ogre
 11343 | D:8      | Killed a two-headed ogre
 11343 | D:8      | Reached XP level 10. HP: 60/70 MP: 7/14
 11893 | D:8      | Found a staircase to the Lair.
 12251 | D:9      | Noticed Erica
 12280 | D:9      | Killed Erica
 12280 | D:9      | Reached skill level 5 in Fighting
 12402 | D:9      | Noticed a two-headed ogre
 12411 | D:9      | Killed a two-headed ogre
 12776 | D:9      | Reached XP level 11. HP: 85/85 MP: 11/17
 12784 | D:9      | Reached *** piety under Wu Jian
 12785 | D:9      | Noticed Grum
 12786 | D:9      | Killed Grum
 12786 | D:9      | Reached skill level 5 in Dodging
 12853 | D:9      | Reached skill level 1 in Evocations
 13212 | D:10     | Entered Level 10 of the Dungeon
 13275 | D:10     | Noticed a two-headed ogre
 13282 | D:10     | Killed a two-headed ogre
 13282 | D:10     | Reached skill level 5 in Evocations
 13529 | D:10     | Noticed an unseen horror
 13533 | D:10     | Killed an unseen horror
 13850 | D:10     | Learned a level 4 spell: Ice Form
 13855 | D:10     | Learned a level 4 spell: Petrify
 14132 | D:10     | Found a radiant altar of Vehumet.
 14161 | D:10     | Reached **** piety under Wu Jian
 14478 | D:10     | Found Jebik's Magic Scroll Emporium.
 14533 | D:11     | Found a runed translucent gate.
 14533 | D:11     | Found a runed translucent gate.
 14538 | D:10     | Reached skill level 1 in Ice Magic
 14761 | D:11     | Found a runed translucent gate.
 14856 | D:11     | Noticed a cyan ugly thing
 14856 | D:11     | Noticed a purple ugly thing
 14869 | D:11     | Killed a cyan ugly thing
 14876 | D:11     | Killed a purple ugly thing
 14960 | D:11     | Identified the +5 flail of Archips {vorpal, +Inv Dex+6}
 15098 | D:11     | Noticed a tengu warrior
 15104 | D:11     | Killed a tengu warrior
 15104 | D:11     | Reached skill level 5 in Ice Magic
 15272 | D:11     | Noticed a two-headed ogre
 15279 | D:11     | Killed a two-headed ogre
 15293 | D:11     | Reached XP level 12. HP: 10/100 MP: 14/18
 15966 | D:11     | Noticed a centaur warrior
 15973 | D:11     | Killed a centaur warrior
 16495 | D:11     | Noticed Xuudynos's ghost (novice TrDe)
 16605 | Lair:1   | Entered Level 1 of the Lair of Beasts
 16620 | Lair:1   | Found a dark tunnel.
 16710 | Volcano  | Entered a volcano
 16928 | Volcano  | HP: 2/100 [harpy skeleton (13)]
 17454 | Lair:1   | Reached skill level 10 in Dodging
 18237 | Lair:2   | Reached ***** piety under Wu Jian
 18449 | Lair:2   | Reached XP level 13. HP: 94/107 MP: 20/20
 18455 | Lair:2   | Reached skill level 5 in Spellcasting
 20607 | Lair:3   | Found a staircase to the Shoals.
 20938 | Lair:4   | Learned a level 6 spell: Hydra Form
 21001 | Lair:4   | Found a hole to the Spider Nest.
 22179 | Lair:4   | You are sucked into a shaft and drop 2 floors!
 22179 | Lair:6   | Entered Level 6 of the Lair of Beasts
 22186 | Lair:6   | Reached skill level 1 in Earth Magic
 22334 | Lair:6   | Reached XP level 14. HP: 116/116 MP: 19/24
 23134 | Lair:6   | Reached skill level 5 in Earth Magic
 23155 | Lair:6   | Reached skill level 10 in Fighting
 23184 | Lair:6   | Reached skill level 1 in Poison Magic
 24204 | Lair:5   | Reached skill level 5 in Poison Magic
 24348 | Lair:5   | Found a staircase to the Slime Pits.
 24721 | Lair:5   | Reached ****** piety under Wu Jian
 26069 | D:12     | Reached skill level 15 in Transmutations
 26201 | D:12     | Found a roughly hewn altar of Beogh.
 26201 | D:12     | Found a staircase to the Orcish Mines.
 26202 | D:12     | You fall into a shaft and drop 3 floors!
 26202 | D:15     | Entered Level 15 of the Dungeon
 26325 | D:15     | HP: 3/121 [slime creature (12)]
 26617 | D:15     | Identified Roxanne's Reference Book on Clay
 26617 | D:15     | Noticed Roxanne
 26814 | D:15     | Found a staircase to the Depths.
 26838 | D:15     | Reached XP level 15. HP: 108/126 MP: 21/25
 27135 | D:15     | Noticed Jorgrun
 27151 | D:15     | Killed Jorgrun
 27537 | D:14     | Found a gateway to a bazaar.
 28232 | D:14     | Found a blossoming altar of Fedhas.
 28734 | D:13     | Noticed Maurice
 28744 | D:13     | Killed Maurice
 29105 | D:13     | Noticed Josephine
 29896 | D:13     | Killed Josephine
 29970 | D:13     | Reached skill level 15 in Unarmed Combat
 30066 | D:13     | Found a gate to the Vaults.
 30382 | D:12     | Noticed Urug
 30383 | D:12     | You are sucked into a shaft and drop 3 floors!
 30556 | D:12     | Killed Urug
 31285 | D:11     | Killed Xuudynos's ghost
 31959 | D:15     | Learned a level 5 spell: Yara's Violent Unravelling
 32285 | Orc:1    | Entered Level 1 of the Orcish Mines
 32361 | Orc:1    | Noticed Snorg
 32364 | Orc:1    | Found Roz Kahy's Assorted Antiques.
 32365 | Orc:1    | Killed Snorg
 32365 | Orc:1    | Reached XP level 16. HP: 137/137 MP: 20/26
 32529 | Orc:2    | Entered Level 2 of the Orcish Mines
 32984 | Orc:2    | Found a staircase to the Elven Halls.
 33002 | Orc:2    | Gained mutation: Your muscles are strong. (Str +2) [a
                  | neqoxec]
 34136 | Orc:2    | Found Kayliamu's Antique Weapon Shop.
 34136 | Orc:2    | Found Laid's Antique Weapon Shop.
 34137 | Orc:2    | Found Waosichotz's Distillery.
 34137 | Orc:2    | Found Suust's General Store.
 34319 | Bazaar   | Entered a bazaar
 34319 | Bazaar   | Found Yhoafim's Magic Scroll Boutique.
 34319 | Bazaar   | Found Reyl's Magic Scroll Shop.
 34319 | Bazaar   | Found Daohout's Antique Armour Shop.
 34334 | Bazaar   | Bought a scroll of magic mapping for 52 gold pieces
 34637 | Spider:1 | Entered Level 1 of the Spider Nest
 34895 | Spider:1 | HP: 5/180 [wolf spider (15)]
 34895 | Spider:1 | Slain by a wolf spider

Illustrated notes

Levels and vault maps discovered:
D:1:      wander_arrival_fairy_ring, layout_basic
D:2:      layout_basic, grunt_gozag_breadcrumbs, uniq_jessica
D:3:      layout_basic, nicolae_ru_path_of_blood
D:4:      layout_cave_pools, kennysheep_slug_shrine, uniq_robin
D:5:      layout_layer_cave, kennysheep_mini, grunt_temple_overflow_open,
          nicolae_overflow_hidden_temple, serial_shops, shop, nrook_mini_vaults,
          tso_altar, uniq_crazy_yiuf_cottage, uniq_eustachio
D:6:      layout_basic, nicolae_ossuary_entry_ruins
D:7:      minmay_angry_zag, layout_loops_ring,
          grunt_temple_overflow_growth_and_decay, temple_statues, serial_shops,
          shop, grunt_dithmenos_smoke, uniq_menkaure
D:8:      layout_basic, minmay_lair_entry_grove, serial_shops,
          nicolae_shop_waterfront, kennysheep_mini_moat, nicolae_shop_stone,
          uniq_maggie
D:9:      layout_gridville, uniq_grum, uniq_erica
D:10:     layout_long_grid, serial_shops, shop, basic_altar
D:11:     minmay_the_grid_triangle_9x9_recursive_2
          [minmay_the_grid_triangle_9x9_prize_schism,
          minmay_the_grid_triangle_9x9_corrupted_corridor,
          minmay_the_grid_triangle_9x9_odd_lines,
          minmay_the_grid_triangle_9x9_sparse_checkered], layout_rooms,
          gammafunk_ghost_necromancy, kennysheep_generic_room_4
D:12:     layout_loops_cross, david_orc_5, minmay_alternating_orb, uniq_urug
D:13:     layout_irregular_city, grunt_vaults_entry_fortified, uniq_maurice,
          uniq_josephine
D:14:     layout_irregular_city, serial_shops, statue_bzr, fedhas_altar_3,
          kennysheep_generic_room_8
D:15:     hangedman_depths_entry_civil_slaughter, layout_rooms, uniq_roxanne,
          uniq_jorgrun
Lair:1:   layout_hall_layers, nicolae_volcano_entry_lava_flow,
          minmay_lair_oklob_chamber
Lair:2:   layout_regular_city, grunt_megastairs_4
Lair:3:   layout_cave_pods, minmay_shoals_entry_hut, grunt_megastairs_2
Lair:4:   layout_loops_ring, nicolae_spider_entry_non_spiders
Lair:5:   layout_regular_city, nicolae_slime_entry_slimehenge,
          wad_woods_road_02, nicolae_lair_grove_arrangements,
          beast_lair_carwin_10
Lair:6:   grunt_lair_end_beastmaster, layout_concentric_octagons,
          lemuel_fruit_fields
Spider:1: layout_spider_delve
Orc:1:    layout_caves, serial_shops, shop, uniq_snorg
Orc:2:    st_orc_pillars, layout_caves, nicolae_orc_crystal_geode

Skill      XL: |  1  2  3  4  5  6  7  8  9 10 11 12 13 14 15 16 |
---------------+-------------------------------------------------+-----
Transmutations | 3 4 5 6 8 10 11 14 15 | 15.0
Unarmed Combat | 4 5 6 7 8 10 11 12 15 | 15.0
Spellcasting   | 4 7 |  7.0
Fighting       | 5 8 10 11 12 | 12.1
Dodging        | 4 5 10 11 | 11.8
Evocations     | 5 |  5.0
Ice Magic      | 6 |  6.0
Earth Magic    | 2 5 |  5.0
Poison Magic   | 5 |  5.0

Action                   |  1- 3 |  4- 6 |  7- 9 | 10-12 | 13-15 | 16-18 || total
-------------------------+-------+-------+-------+-------+-------+-------++-------
Melee: Unarmed           |   147 |   162 |   340 |   454 |  1290 |   234 ||  2627
       Headbutt          |    13 |     6 |    25 |     1 |     7 |       ||    52
       Tailslap          |     6 |     8 |    25 |    52 |   140 |    10 ||   241
       Kick              |    12 |    11 |    25 |     1 |    11 |       ||    60
       Punch             |       |     4 |    13 |    19 |    41 |     2 ||    79
 Cast: Beastly Appendage |    26 |    17 |    28 |     4 |     3 |       ||    78
       Spider Form       |       |    14 |    14 |       |       |       ||    28
       Blade Hands       |       |       |    10 |    56 |    96 |     6 ||   168
       Ice Form          |       |       |       |       |    10 |       ||    10
       Petrify           |       |       |       |       |     9 |       ||     9
       Hydra Form        |       |       |       |       |    10 |    12 ||    22
Invok: Lunge             |       |       |    17 |    28 |    80 |    23 ||   148
       Whirlwind         |       |       |     2 |    10 |    54 |    11 ||    77
       Serpent's Lash    |       |       |       |       |     3 |       ||     3
 Abil: End Transformatio |       |       |     1 |       |     1 |       ||     2
  Use: Scroll            |     3 |       |    13 |    11 |    15 |     1 ||    43
       Potion            |       |       |     4 |     1 |     4 |       ||     9
 Stab: Distracted        |       |     1 |       |     1 |       |       ||     2
       Petrified         |       |       |       |       |    14 |       ||    14
       Petrifying        |       |       |       |       |     1 |       ||     1
       Sleeping          |       |       |       |       |     1 |       ||     1
Armor: Skin              |    66 |    40 |    99 |   135 |   323 |    45 ||   708
Dodge: Dodged            |   116 |   131 |   214 |   280 |   954 |   164 ||  1859

Table legend: (Time is in decaauts)
 A = Elapsed time spent in this place.
 B = Non-inter-level travel time spent in this place.
 C = Inter-level travel time spent in this place.
 D = Time resting spent in this place.
 E = Time spent auto-exploring this place.
 F = Levels seen in this place.
 G = Mean time per level.
                   A        B        C        D        E       F      G
               +--------+--------+--------+--------+--------+-----+--------+
         Total |  34488 |  31967 |   2521 |   6820 |  20310 |  27 | 1277.3 |
       Dungeon |  23283 |  21447 |   1836 |   4787 |  13575 |  15 | 1552.2 |
          Lair |   8219 |   7669 |    550 |   1599 |   4907 |   6 | 1369.8 |
   Spider Nest |    247 |    247 |      0 |      0 |    178 |   1 |  247.0 |
  Orcish Mines |   1897 |   1763 |    134 |    190 |   1277 |   2 |  948.5 |
        Bazaar |     17 |     17 |      0 |      0 |      8 |   1 |   17.0 |
       Ossuary |    153 |    153 |      0 |      7 |     90 |   1 |  153.0 |
       Volcano |    669 |    669 |      0 |    235 |    275 |   1 |  669.0 |
               +--------+--------+--------+--------+--------+-----+--------+

Top non-repeatable levels by time:
     D:8: 2263 daAuts
     D:3: 2009 daAuts
  Lair:3: 1986 daAuts
    D:10: 1924 daAuts
     D:5: 1878 daAuts
    D:13: 1875 daAuts
    D:11: 1785 daAuts
  Lair:6: 1686 daAuts
     D:6: 1536 daAuts
    D:15: 1526 daAuts
     D:1: 1457 daAuts
     D:7: 1431 daAuts
    D:12: 1312 daAuts
   Orc:2: 1279 daAuts
  Lair:4: 1275 daAuts
